 Dungeon Crawl Stone Soup version 0.28-a0-537-g3bccd9ccbf (webtiles) character file.

Game seed: 7972759879451438653

3239 flotson the Skirmisher (level 9, -1/159 HPs)
             Began as a Demonspawn Delver on Sept 23, 2021.
             Was an Initiate of Gozag.
             Slain by an orc warrior (4 damage)
             ... in a bailey on Sept 28, 2021.
             The game lasted 00:16:11 (6958 turns).

flotson the Skirmisher (Demonspawn Delver)          Turns: 6958, Time: 00:16:11

Health: -1/159     AC: 24    Str: 18    XL:     9   Next: 67%
Magic:  9/9        EV:  2    Int: 15    God:    Gozag
Gold:   1304       SH:  0    Dex: 14    Spells: 8/8 levels left

rFire   . . .      SeeInvis .   j - +3 mace of Fate {protect, Str+3}
rCold   . . .      Faith    .   (no shield)
rNeg    + + +      Spirit   .   (armour currently unavailable)
rPois   +          Reflect  .   (helmet unavailable)
rElec   .          Harm     .   (cloak currently unavailable)
rCorr   .          Rampage  .   (gloves currently unavailable)
Will    +....      NoTele   +   (boots currently unavailable)
Stlth   ..........              (no amulet)
HPRegen 0.36/turn               z - +4 ring of evasion
MPRegen 0.11/turn               e - ring of willpower

@: brilliant, berserking, tree-form, gold aura, hasted, very quick
A: stationary, stasis, torment immunity, boosted hp, (horns 3), foul stench 1,
(talons 1), clever 1
a: Renounce Religion, Potion Petition, Call Merchant, Bribe Branch


You were in a bailey.
You worshipped Gozag.
Gozag was most pleased with you.
You were a tree.
You visited 1 branch of the dungeon, and saw 7 of its levels.
You also visited: Bailey.

You collected 1319 gold pieces.
You paid 15 gold pieces to Gozag.

Inventory:

Hand Weapons
 a - a +0 hand axe
 j - the +3 mace of Fate (weapon) {protect, Str+3}
   (You found it on level 4 of the Dungeon)

   It grants its wielder temporary protection when it strikes (+7 to AC).
   Str:       It affects your strength (+3).
Missiles
 o - 50 poisoned darts (quivered)
 q - 6 boomerangs
 t - a throwing net
Armour
 l - a +0 ring mail (melded)
 r - a +1 pair of gloves (melded)
 u - a +0 cloak (melded)
Jewellery
 e - a ring of willpower (right branch)
 f - a ring of ice
 v - a ring of see invisible
 y - a +6 ring of dexterity
 z - a +4 ring of evasion (left branch)
Wands
 g - a wand of digging (2)
 n - a wand of flame (15)
Scrolls
 c - 4 scrolls of fog
 h - 6 scrolls of identify {unknown}
 m - 2 scrolls of enchant weapon {unknown}
 p - 2 scrolls of vulnerability {unknown}
 B - 3 scrolls of fear
 C - a scroll of amnesia {unknown}
 D - a scroll of silence {unknown}
 G - a scroll of teleportation {unknown}
 H - a scroll of immolation {unknown}
Potions
 b - a potion of curing
 k - 3 potions of flight
 x - 2 potions of resistance
 A - 2 potions of haste
 E - a potion of mutation


   Skills:
 + Level 6.7 Fighting
 + Level 5.6 Axes
 + Level 4.5 Throwing
 + Level 5.2 Armour
 + Level 5.6 Dodging
 - Level 4.5 Stealth
 + Level 4.0 Evocations


You had 8 spell levels left.
You didn't know any spells.
Your spell library contained the following spells:

 Spells                   Type           Power      Damage    Failure   Level
 Beastly Appendage        Tmut           0%         N/A       26%         1
 Wereblood                Tmut           0%         N/A       38%         2
 Spider Form              Tmut/Pois      0%         N/A       63%         3


Dungeon Overview and Level Annotations

Branches:
Dungeon (7/15)             Temple (0/1) D:7          Bailey (1/1)

Altars:
Gozag
Hepliaklqana
Kikubaaqudgha
Nemelex Xobeh
Ru
Xom
Yredelemnul

Shops:
D:4 (


Innate Abilities, Weirdness & Mutations

You are a tree.
Your roots penetrate the ground, keeping you stationary.
You cannot be teleported.
You are immune to unholy pain and torment.
Your maximum health is greatly increased.
Your equipment is partially melded.
((You have a pair of large horns on your head.))
You may rarely emit foul miasma when damaged in melee.
((You have sharp toenails.))
Your mind is acute. (Int +2)


Message History

The orc knight roars a battlecry!
The orcs go into a battle-frenzy!
The orc warrior hits you!
* * * LOW HITPOINT WARNING * * *
You sock the orc knight!
Your weapon exudes an aura of protection.
The orc knight is almost dead.
The orc warrior unwields a +0 arbalest.
The orc warrior barely misses you.
Unknown command.
You barely miss the orc knight. You headbutt the orc knight.
You kill the orc knight!
The orc warrior looks more healthy.
The orc warrior hits you!
* * * LOW HITPOINT WARNING * * *
Your Evocations skill increases to level 4!
It was a potion of flight.
You feel very buoyant.
You fly up into the air.
The orc warrior is distracted by your dazzling golden aura.
It was a potion of curing.
You feel better. The orc warrior hits you!
* * * LOW HITPOINT WARNING * * *
The orc warrior shouts!
It was a potion of mutation.
You feel extremely strange.
You feel clever.
Your toenails lengthen and sharpen.
The orc is distracted by your dazzling golden aura.
Unknown command.
Okay, then.
Unknown command.
It was a potion of brilliance.
You feel clever all of a sudden. The orc warrior hits you!
* * * LOW HITPOINT WARNING * * *
It was a potion of lignification.
You turn into a tree.
Your +0 cloak melds into your body.
Your +1 pair of gloves melds into your body.
Your +0 ring mail melds into your body.
Your roots penetrate the ground.
It was a potion of berserk rage.
A red film seems to cover your vision as you go berserk!
You feel yourself moving faster!
You feel mighty! The orc warrior hits you.
You die...
Your body crumbles into a pile of gold.

### ##∩## #.♣.#
#o$o#
≈≈o≈≈.......≈≈o
$
≈.oo≈.......≈oo
≈≈o≈≈(......≈≈o≈
.≈≈≈..#...#..≈≈≈
...((##...##.(..
##### ##∩## ####
##


You could see 4 orc warriors and 2 orcs.

Vanquished Creatures
  An orc knight (Bailey)
  5 yaks (D:6)
  4 ice beasts
  2 black bears
  3 necrophages
  2 centaurs (D:6)
  An ogre (D:4)
  3 phantoms
  A bullfrog (D:4)
  5 scorpions
  A hound (D:5)
  A jelly (D:6)
  A bullfrog skeleton (D:5)
  2 iguanas (D:6)
  Robin (D:3)
  7 gnolls
  7 adders
  A howler monkey skeleton (D:4)
  A white imp (D:6)
  2 adder skeletons (D:4)
  A worm (D:2)
  4 dart slugs
  5 orcs
  12 ball pythons
  6 endoplasms
  6 giant cockroaches
  18 goblins
  11 hobgoblins
  16 jackals
  9 kobolds
  4 quokkas
  5 bats
  3 frilled lizards
  2 rats
153 creatures vanquished.

Notes
Turn   | Place    | Note
-------+----------+-------------------------------------------
     0 | D:5      | flotson the Demonspawn Delver began the quest for the Orb.
     0 | D:5      | Reached XP level 1. HP: 18/18 MP: 1/1
     2 | D:5      | Found a sparkling altar of Nemelex Xobeh.
    23 | D:6      | Noticed a black bear
    23 | D:6      | Found a shimmering altar of Xom.
    38 | D:5      | Became a worshipper of Gozag Ym Sagoz the Greedy
    69 | D:5      | Found a sacrificial altar of Ru.
   185 | D:5      | Noticed a phantom
   218 | D:4      | Identified the +3 mace of Fate {protect, Str+3}
   229 | D:4      | Noticed a bullfrog
   244 | D:4      | Killed a bullfrog
   245 | D:4      | Reached skill level 1 in Armour
   245 | D:4      | Gained mutation: You may rarely emit foul miasma when
                  | damaged in melee. [demonic ancestry]
   245 | D:4      | Reached XP level 2. HP: 20/24 MP: 2/2
   245 | D:4      | Reached XP level 3. HP: 25/29 MP: 3/3
   298 | D:4      | Gained mutation: You have a pair of small horns on your
                  | head. [demonic ancestry]
   298 | D:4      | Reached XP level 4. HP: 36/36 MP: 4/4
   333 | D:4      | Found Loumnoit's Antique Weapon Shoppe.
   343 | D:4      | Noticed a necrophage
  1080 | D:2      | Reached XP level 5. HP: 22/42 MP: 5/5
  1444 | D:1      | Reached skill level 4 in Fighting
  1650 | D:1      | You fall into a shaft and drop 1 floor!
  2099 | D:1      | Found a faded altar of an unknown god.
  2993 | D:3      | Reached XP level 6. HP: 47/48 MP: 6/6
  3286 | D:3      | Identified the +2 helmet of Kosujoih {rF+ rN+ Str+3}
  3286 | D:3      | Noticed Robin
  3301 | D:3      | Killed Robin
  3302 | D:3      | Reached skill level 1 in Throwing
  4068 | D:4      | Found a transporter.
  4072 | D:4      | Noticed an ice beast
  4072 | D:4      | Noticed an ice beast
  4072 | D:4      | Noticed an ice beast
  4239 | D:4      | Gained mutation: You have a pair of horns on your head.
                  | [demonic ancestry]
  4239 | D:4      | Reached XP level 7. HP: 54/55 MP: 7/7
  4283 | D:4      | Found a transporter.
  4760 | D:4      | Reached skill level 5 in Fighting
  4904 | D:4      | Upgraded the game from 0.28-a0-519-gbfeecf2fc5 to
                  | 0.28-a0-537-g3bccd9ccbf
  5180 | D:5      | Gained mutation: You have a pair of large horns on your
                  | head. [demonic ancestry]
  5180 | D:5      | Reached XP level 8. HP: 62/62 MP: 8/8
  5188 | D:5      | Reached skill level 1 in Evocations
  5898 | D:6      | Reached skill level 6 in Fighting
  5905 | D:6      | Reached skill level 5 in Axes
  5905 | D:6      | Reached skill level 5 in Dodging
  5905 | D:6      | Reached XP level 9. HP: 40/69 MP: 9/9
  6882 | D:7      | Reached skill level 5 in Armour
  6921 | D:7      | Found a flagged portal.
  6930 | Bailey   | Entered a bailey
  6930 | Bailey   | Noticed an orc knight
  6952 | Bailey   | Killed an orc knight
  6955 | Bailey   | Gained mutation: Your mind is acute. (Int +2) [potion of
                  | mutation]
  6955 | Bailey   | Gained mutation: You have sharp toenails. [potion of
                  | mutation]
  6956 | Bailey   | HP: 1/71 [orc warrior (7)]
  6958 | Bailey   | Slain by an orc warrior

Illustrated notes

Levels and vault maps discovered:
D:1:      heliophobic_arrival_glass_houses, layout_basic,
          chequers_ecumenical_altar_grove
D:2:      layout_rooms, minmay_pentomino_z2
D:3:      layout_basic, serial_curves, eino_curves_01, eino_curves_02,
          guppyfry_early_orc_mine, uniq_robin
D:4:      gammafunk_cloud_chamber, layout_rooms, serial_shops, shop
D:5:      layout_gridville, nicolae_ru_path_of_blood,
          nicolae_overflow_hidden_temple, saegor_snake_ambush
D:6:      layout_loops_ring, mainiacjoe_overflow_catwalk
D:7:      layout_gridville, minmay_temple_entry_tees, enter_bailey_2,
          uniq_menkaure
Bailey:   bailey_polearm_4, bailey

Skill      XL: |  1  2  3  4  5  6  7  8  9 |
---------------+----------------------------+-----
Axes           | 2 3 4 5 |  5.6
Armour         | 1 2 3 4 5 |  5.2
Dodging        | 2 3 4 5 |  5.6
Fighting       | 4 5 6 |  6.7
Throwing       | 1 2 3 4 |  4.5
Evocations     | 2 4 |  4.0
Stealth        | |  4.5

Action                   |  1- 3 |  4- 6 |  7- 9 || total
-------------------------+-------+-------+-------++-------
Melee: Mace              |     5 |   259 |   169 ||   433
       Hand axe          |     2 |       |       ||     2
       Headbutt          |       |    34 |    57 ||    91
Throw: Dart              |     1 |    20 |     7 ||    28
       Boomerang         |       |     4 |     3 ||     7
Evoke: Wand              |     1 |       |       ||     1
  Use: Scroll            |       |     1 |     1 ||     2
       Potion            |       |     1 |     7 ||     8
 Stab: Sleeping          |       |     2 |     7 ||     9
       Distracted        |       |     1 |       ||     1
Armor: Leather armour    |     4 |       |       ||     4
       Ring mail         |       |   135 |    98 ||   233
Dodge: Dodged            |     1 |   210 |   133 ||   344

Table legend: (Time is in decaauts)
 A = Elapsed time spent in this place.
 B = Non-inter-level travel time spent in this place.
 C = Inter-level travel time spent in this place.
 D = Time resting spent in this place.
 E = Time spent auto-exploring this place.
 F = Levels seen in this place.
 G = Mean time per level.
                   A        B        C        D        E       F      G
               +--------+--------+--------+--------+--------+-----+--------+
         Total |   7091 |   6716 |    375 |    710 |   4408 |   8 |  886.4 |
       Dungeon |   7070 |   6695 |    375 |    710 |   4408 |   7 | 1010.0 |
        Bailey |     20 |     20 |      0 |      0 |      0 |   1 |   20.0 |
               +--------+--------+--------+--------+--------+-----+--------+

Top non-repeatable levels by time:
     D:3: 1743 daAuts
     D:4: 1226 daAuts
     D:5: 1181 daAuts
     D:6: 1048 daAuts
     D:1: 972 daAuts
     D:2: 846 daAuts
     D:7: 52 daAuts
  Bailey: 20 daAuts
